Tangles, chaotic female sylph Rogue }}}}}}}}}}}}}}}}}}}}}}}}}}}}}}}}}}}}}}}}}}}}}}}}}}}}}}}}}}}}}}}}}}}}}}}}}}} }}}}}}}}}}}}}}}}}}}}}}}}}}}}}}}}}}}}}}}}}}}}}}}}}}}}}}}}}}}}}}}}}}}}}}}}}}} }}.}}}}}..}}}}}......}}}}}}}}}}}}}}}}}}}}}}}}}}}}}}}}}}}}}}}....}}}...}}}}} }...}}.....}}}}}....}}}}}}}}}}}}}}}}}}}}}}}}}}}}}}}}}}}}}}}...............} }..`.}}}}}}}}}}....}}}..}}}}}}}}}}}.......}}}}}}}}}}}}}}}}..}}.....}}}...}} }....}}}}}}}}....%}}}}..}}}}}}.................}}}}}}}}}}})}}}}.....}}...}} }....}}}}}}}}}}}}.}}}}.}}}}}}.----------------- }}}}}}}}}}}}}}...`.....} }....}}}}}}}}}}}}}}}}}}.}}}W..| }}}}}}}}}}....}} }.....}.}}%.^.}}}}}}}}}.}}....----- }}}...}} }......}}}}..}}}}}}}}}}}}}.fT.....| }.....}}}}}}}i}}}}}}}}}}}}.E..)..`| }.....}}}}}}}}}}}}}}}}}}}}H...----- }.`.)`.}}}}}}}}}}}}}}}}}}}}...| }}} }..````.}}}}}}}..}}}}}}}}}}}}.----------------- }}}}}}}}}}....}}}}}} }`..%)...}}.}}....}}}}}}}}n}}}.................}}}}}..}}}}}}}}}.......}}}}} }..`)`))}}}}}}}..`...}}}}}}}}}}}}}}.......}}}}}}}}}.....}}}}}}%..}}..}}}}}} }``..`}}}}}}}}}}}.....}}}}}}}}}}}}}}}}}}}}}}.}}}}}}}..}}}}}}}}}}`...}}}}}}} }}!.}}}}}}}}}}}}}....}}}}}}}}}}}}}}}}}}}}}}...}}..}}}}}}}.}}.}}}}..}}}}}}}} }}}}}}}}}}}}}}}}}}}}}}}}}}}}}}}}}}}}}}}}}}}}}}}}}}}}}}}}}}}}}}}}}}}}}}}}}}} }}}}}}}}}}}}}}}}}}}}}}}}}}}}}}}}}}}}}}}}}}}}}}}}}}}}}}}}}}}}}}}}}}}}}}}}}}} Tangles the Pilferer Experience level: 11 Strength: 16 Dexterity: 18 Constitution: 17 Intelligence: 10 Wisdom: 8 Charisma: 10 Health: 0(98) Energy: 48(50) Def: 9 Gold: 0 Moves: 17720 Dungeon seed: YwQ5KlYG0Hbpk7SX Game ID: Tangles_1466066434 Your Inventory: Amulets g - an uncursed amulet of reflection (being worn) Weapons b - 4 +0 daggers h - 2 +1 daggers (wielded) Armor N - a blessed +1 elven cloak (being worn) V - an uncursed +0 pair of leather gloves Comestibles A - a blessed tin of ogre king meat L - an uncursed lizard corpse named Lizard of Yendor Rings v - an uncursed ring of shock resistance C - an uncursed ring of free action H - an uncursed ring of levitation (on left hand) U - an uncursed ring of free action (on right hand) Wands j - a wand of digging (0:5) x - a wand of magic missile (0:5) O - a wand of teleportation (0:2) P - a wand of sleep (0:3) Tools a - an uncursed magic whistle c - an uncursed stethoscope d - a +0 unicorn horn l - a cursed skeleton key n - an uncursed towel F - a blessed bag of holding G - an uncursed leather drum Q - an uncursed sack named bag of CANCELLATION Gems z - a blessed luckstone Contents of the bag of holding: 1151 gold pieces a blessed amulet of ESP an uncursed amulet of life saving an uncursed amulet of life saving a cursed amulet of strangulation a blessed +1 dagger 6 +0 daggers a +0 elven dagger 6 +0 shuriken an uncursed +1 dwarvish cloak named +1 an uncursed +0 mummy wrapping 2 uncursed K-rations an uncursed banana an uncursed carrot a cursed cram ration an uncursed cream pie 2 uncursed centipede eggs an uncursed egg an uncursed eucalyptus leaf 14 uncursed food rations 4 cursed food rations 5 uncursed fortune cookies an uncursed lembas wafer 2 uncursed lichen corpses an uncursed lizard corpse 7 uncursed melons an uncursed orange 2 uncursed pancakes an uncursed pear a cursed sprig of wolfsbane 5 uncursed tripe rations a cursed tripe ration an uncursed scroll of blank paper 3 uncursed scrolls of confuse monster a cursed scroll of confuse monster 2 uncursed scrolls of create monster 2 uncursed scrolls of destroy armor 2 uncursed scrolls of earth a cursed scroll of earth 2 uncursed scrolls of enchant armor a cursed scroll of enchant armor 2 blessed scrolls of enchant weapon 2 uncursed scrolls of enchant weapon a cursed scroll of enchant weapon 2 uncursed scrolls of identify 2 uncursed scrolls of light 2 blessed scrolls of magic mapping an uncursed scroll of magic mapping 2 cursed scrolls of magic mapping 2 uncursed scrolls of scare monster an uncursed scroll of stinking cloud an uncursed scroll of taming a blessed scroll of teleportation an uncursed scroll of teleportation a cursed scroll of teleportation a cursed scroll of water an uncursed spellbook of create monster an uncursed spellbook of create monster an uncursed spellbook of cure blindness an uncursed spellbook of detect monsters a cursed spellbook of detect monsters a blessed spellbook of detect unseen an uncursed spellbook of healing an uncursed spellbook of identify a cursed diluted potion of fruit juice an uncursed potion of acid a cursed potion of booze 2 uncursed potions of extra healing a blessed potion of fruit juice an uncursed potion of gain energy 2 uncursed potions of healing 5 potions of holy water 2 uncursed potions of monster detection an uncursed potion of object detection 2 cursed potions of object detection an uncursed potion of polymorph 2 potions of unholy water 6 uncursed potions of water an uncursed +1 ring of adornment a blessed +1 ring of gain constitution a cursed ring of hunger an uncursed ring of regeneration an uncursed ring of slow digestion a wand of cold (0:7) a wand of cold (0:4) a wand of cold (0:3) a cursed wand of create monster (0:7) a wand of digging (0:5) a wand of enlightenment (0:8) a wand of light (0:12) a wand of lightning (0:5) a wand of lightning (0:5) a wand of magic missile (0:5) a wand of magic missile (0:5) a wand of make invisible (0:6) a wand of make invisible (0:6) a wand of opening (0:3) a wand of probing (0:4) a wand of probing (0:4) a cursed wand of sleep (0:7) a wand of speed monster (0:5) a wand of speed monster (0:2) a wand of striking (0:5) a cursed wand of striking (0:3) a wand of teleportation (0:5) a wand of undead turning (0:8) a wand of undead turning (0:6) an uncursed blindfold an uncursed figurine of a balrog an uncursed magic whistle an uncursed mirror a cursed mirror a +0 pick-axe 5 blessed tallow candles (0:200) a cursed towel a +0 unicorn horn a +0 unicorn horn a +0 unicorn horn an uncursed wooden harp 3 uncursed worthless pieces of black glass an uncursed worthless piece of green glass 2 cursed worthless pieces of orange glass an uncursed worthless piece of white glass 2 uncursed worthless pieces of yellow glass an uncursed worthless piece of yellowish brown glass Contents of the sack named bag of CANCELLATION: a wand of cancellation (0:6) a wand of cancellation (0:4) Spells and supernatural/magical abilities: Name Level Category Fail Memory h - healing 1 healing 48% 99% k - knock 1 matter 48% 28% l - light 1 divination 48% 28% n - detect monsters 1 divination 48% 71% z - sleep 1 enchantment 48% 28% B - cure blindness 2 healing 48% 72% I - identify 3 divination 48% 68% O - create monster 2 clerical 64% 77% U - detect unseen 3 divination 48% 77% W - pray for help -- divine ? -- Your skills at the end: Miscellaneous Skills wands [Basic] Weapon Skills dagger [Expert] short sword [Basic] Spellcasting Skills healing spells [Basic] divination spells [Skilled] Final Attributes: You were piously aligned. You were poison resistant. You saw invisible. You were telepathic. You had automatic searching. You had infravision. You were invisible to others. You were stealthy. You were levitating. You were protected. You were protected from shape changers. You were fast. You had reflection. You had free action. You were extremely lucky. You had extra luck. Good luck did not time out for you. You are dead. Vanquished creatures: 2 Olog-hai 3 guardian nagas a clay golem 4 ghosts a winged gargoyle 4 giant mimics a large mimic a long worm a giant zombie 2 wargs a small mimic a xan an ettin mummy an ogre lord a troll 3 freezing spheres 2 flaming spheres a large cat a tiger 4 gargoyles 2 tengu a gelatinous cube an ochre jelly 7 chameleons a crocodile 2 leocrottas 2 human mummies a red naga 4 wraiths 3 ettin zombies 2 soldiers 2 incubi 4 giant beetles 2 cockatrices 3 winter wolf cubs a lynx a panther 8 leprechauns 3 quivering blobs 9 lizards 5 giant spiders 4 scorpions an iron piercer 4 ice vortices 3 black lights a vampire bat 4 gnome kings an orc mummy 3 dwarf mummies 5 brown puddings 2 owlbears a yeti a werewolf a Green-elf 4 chickatrices 2 housecats 2 dwarf lords 3 blue jellies 5 water nymphs 4 white unicorns 2 dust vortices a raven a plains centaur 2 snakes 2 apes a human zombie a rope golem 2 Woodland-elves 2 fire ants a quasit a baby crocodile 2 wood nymphs 2 Mordor orcs 10 Uruk-hai 3 rock piercers 2 fog clouds 5 yellow lights a shrieker a violet fungus 12 gnome lords 2 gnomish wizards 4 kobold mummies 3 red naga hatchlings a black naga hatchling a guardian naga hatchling 4 gray oozes 2 elf zombies 2 ghouls a straw golem a paper golem 15 giant ants a little dog 4 floating eyes 2 kittens 18 dwarves 2 kobold lords 2 kobold shamans 2 iguanas 4 hill orcs 7 rothes a rabid rat a centipede 2 giant bats 3 monkeys 4 orc zombies 2 dwarf zombies a wererat a werejackal 3 killer bees 10 coyotes 4 gas spores 9 hobbits 3 acid blobs 2 large kobolds 5 geckos 8 giant rats 3 cave spiders a yellow mold 54 gnomes 10 garter snakes 4 gnome zombies 12 jackals a fox 3 kobolds 12 newts 4 goblins 4 sewer rats 10 grid bugs 8 bats 10 lichens 7 kobold zombies 485 creatures vanquished. Voluntary challenges: You used a wielded weapon 728 times, starting on turn 74. You read items or engraved 41 times, starting on turn 2074. You never genocided any monsters. You never polymorphed an object. You changed form 1 time, starting on turn 13811. You completed Sokoban on turn 10631, according to the rules. You used no wishes. You split 2 puddings, starting on turn 13205. You wrote Elbereth's name 9 times, starting on turn 2074. You violated your moral code, losing 14 points of alignment, starting on turn 1284. Dungeon overview: The Dungeons of Doom: levels 1 to 23 Level 1 (v) an altar to Mog, a fountain a long staircase Level 2 a weapon shop Level 3 a fountain Level 4 some altars to Issek and Kos, a fountain stairs to The Gnomish Mines Level 5 many fountains Level 6 stairs to Sokoban Level 7 (v) Level 8 a fountain Level 9 a general store Level 10 some fountains Level 11 (q) a temple to Kos, some fountains portal to The Quest Level 12 an altar to Issek Level 13 Level 14 a fountain Level 15 Level 16 a fountain, a sink Level 17 Level 18 a temple to Issek, a fountain Level 19 some altars to Mog and Kos Level 20 a temple to Mog Level 21 an altar to Issek, some fountains Level 22 a fountain Level 23 <- You were here The Gnomish Mines: levels 5 to 13 Level 5 stairs to The Dungeons of Doom Level 6 Level 7 many shops, a temple to Kos, a magic chest, some fountains Level 8 Level 9 Level 10 Level 11 Level 12 Level 13 many altars to Moloch, a magic chest, some fountains The Quest: Level 1 portal to The Dungeons of Doom Sokoban: levels 2 to 5 Level 2 a magic chest Level 3 Level 4 Level 5 a magic chest stairs to The Dungeons of Doom History has recorded: On T:1 you entered the Dungeons of Doom to retrieve the Amulet of Yendor! On T:26 you reached level 2 of The Dungeons of Doom. On T:436 you reached level 3 of The Dungeons of Doom. On T:443 you reached level 4 of The Dungeons of Doom. On T:664 you advanced to experience level 2. On T:1283 you advanced to experience level 3. On T:1284 you advanced to experience level 4. On T:1342 you reached level 1 of The Gnomish Mines. On T:1517 you advanced to experience level 5. On T:1850 you reached level 2 of The Gnomish Mines. On T:1872 you reached level 3 of The Gnomish Mines. On T:2055 you opened a magic chest. On T:2055 you opened a magic chest. On T:2062 you opened a magic chest. On T:2089 you advanced to experience level 6. On T:2160 you entered the Minetown temple On T:3050 you advanced to experience level 7. On T:3260 you opened a magic chest. On T:3290 you opened a magic chest. On T:3366 you reached level 4 of The Gnomish Mines. On T:3722 you reached level 5 of The Gnomish Mines. On T:3936 you reached level 6 of The Gnomish Mines. On T:4024 you advanced to experience level 8. On T:4563 you reached level 7 of The Gnomish Mines. On T:4749 you reached level 8 of The Gnomish Mines. On T:5245 you reached level 9 of The Gnomish Mines. On T:5245 you reached the bottom of the Mines. On T:5503 you opened a magic chest. On T:5507 you opened a magic chest. On T:5523 you opened a magic chest. On T:5524 you opened a magic chest. On T:5526 you opened a magic chest. On T:6456 you advanced to experience level 9. On T:6922 you opened a magic chest. On T:6924 you opened a magic chest. On T:6924 you opened a magic chest. On T:6935 you opened a magic chest. On T:6935 you opened a magic chest. On T:6939 you opened a magic chest. On T:6990 you opened a magic chest. On T:7572 you opened a magic chest. On T:7767 you opened a magic chest. On T:7769 you opened a magic chest. On T:7769 you opened a magic chest. On T:7775 you opened a magic chest. On T:7962 you reached level 5 of The Dungeons of Doom. On T:8170 you advanced to experience level 10. On T:8315 you reached level 6 of The Dungeons of Doom. On T:8337 you reached level 7 of The Dungeons of Doom. On T:8546 you reached level 4 of Sokoban. On T:8604 you opened a magic chest. On T:8916 you opened a magic chest. On T:8999 you reached level 3 of Sokoban. On T:9367 you reached level 2 of Sokoban. On T:9828 you reached level 1 of Sokoban. On T:10631 you advanced to experience level 11. On T:10631 you entered the Sokoban zoo. On T:10699 you opened a magic chest. On T:10877 you opened a magic chest. On T:11065 you reached level 8 of The Dungeons of Doom. On T:11303 you reached level 9 of The Dungeons of Doom. On T:11599 you reached level 10 of The Dungeons of Doom. On T:12652 you reached level 11 of The Dungeons of Doom. On T:12802 you reached level 12 of The Dungeons of Doom. On T:13397 you reached level 1 of The Quest. On T:14446 you reached level 13 of The Dungeons of Doom. On T:14932 you reached level 14 of The Dungeons of Doom. On T:15242 you reached level 15 of The Dungeons of Doom. On T:15423 you reached level 16 of The Dungeons of Doom. On T:15836 you reached level 17 of The Dungeons of Doom. On T:16271 you reached level 18 of The Dungeons of Doom. On T:16524 you reached level 19 of The Dungeons of Doom. On T:16621 you reached level 20 of The Dungeons of Doom. On T:16637 you reached level 21 of The Dungeons of Doom. On T:17250 you reached level 22 of The Dungeons of Doom. On T:17510 you reached level 23 of The Dungeons of Doom. Score breakdown: Gold: 1151 ( 115 points) Experience: 11 levels ( 1000 points) Exploration: 23 levels ( 660 points) Discoveries: 80 items ( 2000 points) Variety of kills: 131 monsters ( 2000 points) Major goal: Sokoban/Mines ( 1500 points) Survival: died (score multiplied by 3) Total score: 21825 Latest messages: h - 3 +1 daggers (in quiver). You float in the opposite direction. The dagger hits the island nymph! You produce a strange whistling sound. The island nymph stole a blessed +5 dagger. A mysterious force prevents the island nymph from teleporting! You are now wielding your daggers. You strike the island nymph from behind! The water troll claws you! (2x) The water troll bites! The water troll claws you! (2x) The water troll bites! You try to draw healing from your surroundings, but your toes cannot even feel the floor. You fail to cast the spell correctly. The water troll claws you! (2x) The water troll bites! You die... Final status: Goodbye Tangles the Rogue, killed by a water troll... You died in The Dungeons of Doom on dungeon level 23 with 21825 points, and 1151 pieces of gold, after 17720 moves. You were level 11 with a maximum of 98 hit points when you died.